| TOP OF THE 1ST |
|
San Diego Padres batting - Pitching for Cincinnati Reds : LHP Dave Rivera
|
|
Pitching: LHP Dave Rivera
|
|
|
Batting: LHB Per Meulengracht
|
0-0: Ball 1-0: Ball 2-0: Ball 3-0: Called Strike 3-1: Swinging Strike 3-2: SINGLE (Line Drive, 89M, EV 90.6 MPH)
|
|
Batting: RHB Bobby Ayala
|
0-0: Called Strike Per Meulengracht steals 2nd base 0-1: Ball 1-1: Ball 2-1: SINGLE (Flyball, 8LS, EV 98.1 MPH) Per Meulengracht to third
|
|
Batting: RHB Carlos Reyes
|
0-0: Ball 1-0: Hit by Pitch Bobby Ayala to second
|
|
Batting: RHB Alois Wollf
|
0-0: Ball 1-0: SINGLE (Flyball, 6D, EV 86.9 MPH) Per Meulengracht scores Bobby Ayala to third Carlos Reyes to second
|
|
Batting: RHB Alberto Cotto
|
0-0: Called Strike 0-1: Swinging Strike 0-2: Strikes out swinging
|
|
Batting: RHB Jose Morrissey
|
0-0: Grounds into double play, 6-4-3 (Groundball, 56D, EV 79.4 MPH)
|
| Top of the 1st over - 1 run, 3 hits, 0 errors, 2 left on base; San Diego 1 - Cincinnati 0 |
| BOTTOM OF THE 1ST |
|
Cincinnati Reds batting - Pitching for San Diego Padres : LHP Matt Wheeler
|
|
Pitching: LHP Matt Wheeler
|
|
|
Batting: LHB Sean Geisler
|
0-0: Swinging Strike 0-1: Foul Ball, location: 2F 0-2: Strikes out swinging
|
|
Batting: LHB Jake Bill
|
0-0: Ground out U3 (Groundball, 3L, EV 90.0 MPH)
|
|
Batting: RHB Bobby Muniz
|
0-0: Called Strike 0-1: Swinging Strike 0-2: Ball 1-2: Ground out 2-3 (Groundball, 15S, EV 66.9 MPH)
|
| Bottom of the 1st over - 0 runs, 0 hits, 0 errors, 0 left on base; San Diego 1 - Cincinnati 0 |
| TOP OF THE 2ND |
|
San Diego Padres batting - Pitching for Cincinnati Reds : LHP Dave Rivera
|
|
Batting: RHB Matthew Starr
|
0-0: Fly out, F5 (Popup, 56, EV 70.6 MPH)
|
|
Batting: LHB Ryan Flynn Jr.
|
0-0: Called Strike 0-1: SINGLE (Line Drive, 4MD, EV 106.2 MPH)
|
|
Batting: RHB Oscar Fausto
|
0-0: Ball 1-0: Called Strike 1-1: SINGLE (Line Drive, 34D, EV 95.6 MPH) Ryan Flynn Jr. to second Runner from 2nd tries for 3rd, OUT! 9-5
|
|
Batting: LHB Per Meulengracht
|
0-0: Foul Ball, location: 2F 0-1: Foul Ball, location: 2F 0-2: Ball 1-2: Ground out 2-3 (Groundball, 2L, EV 75.0 MPH)
|
| Top of the 2nd over - 0 runs, 2 hits, 0 errors, 1 left on base; San Diego 1 - Cincinnati 0 |
| BOTTOM OF THE 2ND |
|
Cincinnati Reds batting - Pitching for San Diego Padres : LHP Matt Wheeler
|
|
Batting: SHB Saulo Maina
|
0-0: Ball 1-0: Fly out, F9 (Flyball, 89M, EV 85.0 MPH)
|
|
Batting: RHB Fred Slade
|
0-0: Called Strike 0-1: Foul Ball, location: 2F 0-2: Ball 1-2: SINGLE (Groundball, 56, EV 95.6 MPH)
|
|
Batting: LHB Jon Ledesma
|
0-0: Grounds out, U3 (Groundball, 3L, EV 88.1 MPH)
|
|
Batting: SHB Dave Barefoot
|
0-0: Called Strike 0-1: Foul Ball, location: 2F 0-2: Ball 1-2: Ball 2-2: Strikes out swinging
|
| Bottom of the 2nd over - 0 runs, 1 hit, 0 errors, 1 left on base; San Diego 1 - Cincinnati 0 |
| TOP OF THE 3RD |
|
San Diego Padres batting - Pitching for Cincinnati Reds : LHP Dave Rivera
|
|
Batting: RHB Bobby Ayala
|
0-0: Ball 1-0: TRIPLE (Line Drive, 89XD, EV 105.0 MPH)
|
|
Batting: RHB Carlos Reyes
|
0-0: Called Strike 0-1: Ball 1-1: Ball 2-1: Ball 3-1: Base on Balls
|
|
Batting: RHB Alois Wollf
|
0-0: Ball 1-0: Fielders Choice at 2nd, 6-4 (Groundball, 6M, EV 90.6 MPH) Bobby Ayala scores
|
|
Batting: RHB Alberto Cotto
|
0-0: Ball 1-0: Ball 2-0: Ball 3-0: Base on Balls Alois Wollf to second
|
|
Batting: RHB Jose Morrissey
|
0-0: Ball 1-0: Grounds into double play, 5-4-3 (Groundball, 56, EV 103.8 MPH)
|
| Top of the 3rd over - 1 run, 1 hit, 0 errors, 1 left on base; San Diego 2 - Cincinnati 0 |
| BOTTOM OF THE 3RD |
|
Cincinnati Reds batting - Pitching for San Diego Padres : LHP Matt Wheeler
|
|
Batting: RHB Willie Lazcano
|
0-0: Called Strike 0-1: DOUBLE (Line Drive, 9LM, EV 108.1 MPH)
|
|
Batting: LHB Satoru Handa
|
0-0: Ball 1-0: Fly out, F7 (Flyball, 7, EV 89.4 MPH)
|
|
Batting: LHB Sean Geisler
|
0-0: Called Strike 0-1: Ball 1-1: Called Strike 1-2: Ball 2-2: SINGLE (Line Drive, 4D, EV 96.9 MPH) Willie Lazcano to third
|
|
Batting: LHB Jake Bill
|
0-0: Ball 1-0: Called Strike Sean Geisler is caught stealing 2nd base 2-6 1-1: Called Strike 1-2: SINGLE (Line Drive, 8LS, EV 86.2 MPH) Willie Lazcano scores
|
|
Batting: RHB Bobby Muniz
|
0-0: Ball 1-0: Fly out, F6 (Line Drive, 6, EV 69.4 MPH)
|
| Bottom of the 3rd over - 1 run, 3 hits, 0 errors, 1 left on base; San Diego 2 - Cincinnati 1 |
| TOP OF THE 4TH |
|
San Diego Padres batting - Pitching for Cincinnati Reds : LHP Dave Rivera
|
|
Batting: RHB Matthew Starr
|
0-0: Ball 1-0: Foul Ball, location: 2F 1-1: Called Strike 1-2: Ball 2-2: Ball 3-2: Foul Ball, location: 2F 3-2: Strikes out swinging
|
|
Batting: LHB Ryan Flynn Jr.
|
0-0: Ball 1-0: Ball 2-0: Ball 3-0: Called Strike 3-1: Called Strike 3-2: Ground out 4-3 (Groundball, 4, EV 81.2 MPH)
|
|
Batting: RHB Oscar Fausto
|
0-0: Ground out 4-3 (Groundball, 4, EV 88.1 MPH)
|
| Top of the 4th over - 0 runs, 0 hits, 0 errors, 0 left on base; San Diego 2 - Cincinnati 1 |
| BOTTOM OF THE 4TH |
|
Cincinnati Reds batting - Pitching for San Diego Padres : LHP Matt Wheeler
|
|
Batting: SHB Saulo Maina
|
0-0: Ball 1-0: Ground out 6-3 (Groundball, 6, EV 98.1 MPH)
|
|
Batting: RHB Fred Slade
|
0-0: Ball 1-0: Called Strike 1-1: Swinging Strike 1-2: Foul Ball, location: 2F 1-2: Ball 2-2: Foul Ball, location: 2F 2-2: Ball 3-2: Foul Ball, location: 2F 3-2: Fly out, F9 (Flyball, 9LS, EV 85.6 MPH)
|
|
Batting: LHB Jon Ledesma
|
0-0: Hit by Pitch
|
|
Batting: SHB Dave Barefoot
|
0-0: Called Strike 0-1: Ground out 1-3 (Groundball, 13S, EV 70.6 MPH)
|
| Bottom of the 4th over - 0 runs, 0 hits, 0 errors, 1 left on base; San Diego 2 - Cincinnati 1 |
| TOP OF THE 5TH |
|
San Diego Padres batting - Pitching for Cincinnati Reds : LHP Dave Rivera
|
|
Pitching: RHP Timmy John Aaron-Lee Frank Silveira
|
|
|
Batting: LHB Per Meulengracht
|
0-0: Ball 1-0: Swinging Strike 1-1: Foul Ball, location: 2F 1-2: Ball 2-2: Ball 3-2: Fly out, F6 (Popup, 6D, EV 69.4 MPH)
|
|
Batting: RHB Bobby Ayala
|
0-0: Called Strike 0-1: Swinging Strike 0-2: Strikes out swinging
|
|
Batting: RHB Carlos Reyes
|
0-0: Fly out, F7 (Flyball, 7D, EV 95.0 MPH)
|
| Top of the 5th over - 0 runs, 0 hits, 0 errors, 0 left on base; San Diego 2 - Cincinnati 1 |
| BOTTOM OF THE 5TH |
|
Cincinnati Reds batting - Pitching for San Diego Padres : LHP Matt Wheeler
|
|
Pitching: RHP Parker French
|
|
|
Batting: RHB Willie Lazcano
|
0-0: Ball 1-0: Ball 2-0: Foul Ball, location: 2F 2-1: Called Strike 2-2: Foul Ball, location: 2F 2-2: DOUBLE (Line Drive, 7LS, EV 108.1 MPH)
|
|
Batting: LHB Satoru Handa
|
0-0: Called Strike 0-1: Ball 1-1: Swinging Strike 1-2: Foul Ball, location: 2F 1-2: TRIPLE (Line Drive, 9LD, EV 104.4 MPH) Willie Lazcano scores
|
|
Batting: LHB Sean Geisler
|
0-0: Called Strike 0-1: Foul Ball, location: 2F 0-2: Ball 1-2: Ball 2-2: Foul Ball, location: 2F 2-2: Ball 3-2: Base on Balls
|
|
Batting: LHB Jake Bill
|
0-0: Ball Sean Geisler is caught stealing 2nd base 2-6 1-0: Ball 2-0: Swinging Strike 2-1: Ball 3-1: Foul Ball, location: 2F 3-2: Ground out 4-3 (Groundball, 34, EV 108.1 MPH) Satoru Handa scores
|
|
Batting: RHB Bobby Muniz
|
0-0: Called Strike 0-1: Called Strike 0-2: Foul Ball, location: 2F 0-2: Foul Ball, location: 2F 0-2: Ball 1-2: Foul Ball, location: 2F 1-2: Ball 2-2: Hit by Pitch
|
|
Batting: SHB Saulo Maina
|
0-0: Fly out, F4 (Line Drive, 3, EV 68.8 MPH)
|
| Bottom of the 5th over - 2 runs, 2 hits, 0 errors, 1 left on base; San Diego 2 - Cincinnati 3 |
| TOP OF THE 6TH |
|
San Diego Padres batting - Pitching for Cincinnati Reds : RHP Timmy John Aaron-Lee Frank Silveira
|
|
Batting: RHB Alois Wollf
|
0-0: Ball 1-0: Ball 2-0: Called Strike 2-1: Foul Ball, location: 2F 2-2: Foul Ball, location: 2F 2-2: Strikes out looking
|
|
Batting: RHB Alberto Cotto
|
0-0: Swinging Strike 0-1: Called Strike 0-2: Foul Ball, location: 2F 0-2: Ball 1-2: Foul Ball, location: 2F 1-2: Strikes out looking
|
|
Batting: RHB Jose Morrissey
|
0-0: SINGLE (Line Drive, 9S, EV 95.6 MPH)
|
|
Batting: RHB Matthew Starr
|
0-0: Ball 1-0: Ball 2-0: Called Strike 2-1: Foul Ball, location: 2F 2-2: Foul Ball, location: 2F 2-2: Ball 3-2: DOUBLE (Line Drive, 3D, EV 97.5 MPH) Jose Morrissey to third Jose Morrissey scores
|
|
Batting: LHB Ryan Flynn Jr.
|
0-0: Called Strike 0-1: Swinging Strike 0-2: Ball 1-2: Foul Ball, location: 2F 1-2: Ball 2-2: Foul Ball, location: 2F 2-2: Ball 3-2: Base on Balls
|
|
Batting: RHB Oscar Fausto
|
0-0: Ball 1-0: Ball 2-0: Ball 3-0: Base on Balls Matthew Starr to third Ryan Flynn Jr. to second
|
|
Pinch Hitting: LHB Andy Bowman
|
0-0: Ball 1-0: Called Strike 1-1: Called Strike 1-2: Foul Ball, location: 2F 1-2: Ground out U3 (Groundball, 3, EV 81.9 MPH)
|
| Top of the 6th over - 1 run, 2 hits, 0 errors, 3 left on base; San Diego 3 - Cincinnati 3 |
| BOTTOM OF THE 6TH |
|
Cincinnati Reds batting - Pitching for San Diego Padres : RHP Parker French
|
|
Now in RF: Andy Bowman
|
|
|
Batting: RHB Fred Slade
|
0-0: Ball 1-0: Swinging Strike 1-1: Called Strike 1-2: Foul Ball, location: 2F 1-2: DOUBLE (Line Drive, 89D, EV 113.8 MPH)
|
|
Pitching: RHP Jon Hoke
|
|
|
Batting: LHB Jon Ledesma
|
0-0: Ground out 6-3 (Groundball, 6M, EV 99.4 MPH) Fred Slade to third
|
|
Batting: SHB Dave Barefoot
|
0-0: Ball 1-0: TRIPLE (Flyball, 7LD, EV 113.1 MPH) Fred Slade scores
|
|
Batting: RHB Willie Lazcano
|
0-0: Foul Ball, location: 2F 0-1: Ball 1-1: Called Strike 1-2: Foul Ball, location: 2F 1-2: Ball 2-2: Foul Ball, location: 2F 2-2: Foul Ball, location: 2F 2-2: Ball 3-2: Fly out, F7 (Flyball, 78D, EV 100.6 MPH)
|
|
Batting: LHB Satoru Handa
|
0-0: Ground out 4-3 (Groundball, 34, EV 83.8 MPH)
|
| Bottom of the 6th over - 1 run, 2 hits, 0 errors, 1 left on base; San Diego 3 - Cincinnati 4 |
| TOP OF THE 7TH |
|
San Diego Padres batting - Pitching for Cincinnati Reds : RHP Timmy John Aaron-Lee Frank Silveira
|
|
Pitching: RHP David Silva
|
|
|
Pinch Hitting: SHB Devin Hottenstein
|
0-0: Ball 1-0: Ball 2-0: Ball 3-0: Called Strike 3-1: Ground out 4-3 (Groundball, 34D, EV 98.1 MPH)
|
|
Pinch Hitting: LHB Chris Moody
|
0-0: Foul Ball, location: 2F 0-1: Swinging Strike 0-2: SINGLE (Groundball, 34D, EV 94.4 MPH)
|
|
Pinch Hitting: RHB Chiel Palstermans
|
0-0: Ball 1-0: Ball Wild Pitch! Chris Moody to second 2-0: Foul Ball, location: 2F 2-1: Ground out 5-3 (Groundball, 5, EV 105.0 MPH)
|
|
Batting: RHB Alberto Cotto
|
0-0: Ball 1-0: Ball 2-0: Swinging Strike 2-1: Foul Ball, location: 2F 2-2: Strikes out swinging
|
| Top of the 7th over - 0 runs, 1 hit, 0 errors, 1 left on base; San Diego 3 - Cincinnati 4 |
| BOTTOM OF THE 7TH |
|
Cincinnati Reds batting - Pitching for San Diego Padres : RHP Jon Hoke
|
|
Now at 1B: Devin Hottenstein
|
|
|
Now at 2B: Alberto Cotto
|
|
|
Now at SS: Chiel Palstermans
|
|
|
Now in LF: Chris Moody
|
|
|
Pinch Hitting: LHB Jesus Lozano
|
0-0: Foul Ball, location: 2F 0-1: Foul Ball, location: 2F 0-2: Strikes out swinging
|
|
Batting: LHB Shawn Morrison
|
0-0: Ball 1-0: Foul Ball, location: 2F 1-1: Foul Ball, location: 2F 1-2: Strikes out swinging
|
|
Batting: RHB Bobby Muniz
|
0-0: Ball 1-0: Ground out 5-3 (Groundball, 56S, EV 86.2 MPH)
|
| Bottom of the 7th over - 0 runs, 0 hits, 0 errors, 0 left on base; San Diego 3 - Cincinnati 4 |
| TOP OF THE 8TH |
|
San Diego Padres batting - Pitching for Cincinnati Reds : RHP David Silva
|
|
Now at 1B: Saulo Maina
|
|
|
Now at 2B: Jesus Lozano
|
|
|
Batting: RHB Jose Morrissey
|
0-0: Ball 1-0: Ground out 4-3 (Groundball, 4S, EV 77.5 MPH)
|
|
Batting: LHB Mike Holt
|
0-0: Ball 1-0: Fly out, F9 (Flyball, 9D, EV 78.1 MPH)
|
|
Batting: LHB Ryan Flynn Jr.
|
0-0: Ball 1-0: Ball 2-0: Ball 3-0: Called Strike 3-1: Fly out, F5 (Popup, 15, EV 83.8 MPH)
|
| Top of the 8th over - 0 runs, 0 hits, 0 errors, 0 left on base; San Diego 3 - Cincinnati 4 |
| BOTTOM OF THE 8TH |
|
Cincinnati Reds batting - Pitching for San Diego Padres : RHP Jon Hoke
|
|
Pitching: LHP Ricardo Chavez
|
|
|
Batting: SHB Saulo Maina
|
0-0: Called Strike 0-1: Ball 1-1: Ball 2-1: Ball 3-1: Base on Balls
|
|
Pinch Hitting: RHB Ricky Carbajal
|
0-0: Ball 1-0: Called Strike 1-1: Ball 2-1: Called Strike 2-2: Reached on error, E1 (Groundball, 15S, EV 75.6 MPH) Saulo Maina to second
|
|
Pinch Hitting: RHB Willie Cardamone
|
0-0: Ball 1-0: Ball 2-0: Called Strike 2-1: Called Strike 2-2: SINGLE (Groundball, 6MS, EV 68.1 MPH) (infield hit) Saulo Maina to third Ricky Carbajal to second
|
|
Pinch Hitting: RHB Casey Truax
|
0-0: Called Strike 0-1: Foul Ball, location: 2F 0-2: Strikes out swinging
|
|
Pinch Hitting: RHB Tom Beckman
|
0-0: Called Strike 0-1: Ball 1-1: Ball 2-1: Ball 3-1: Base on Balls Saulo Maina scores Ricky Carbajal to third Willie Cardamone to second
|
|
Pinch Hitting: LHB Randy Racine
|
0-0: Ball 1-0: Called Strike 1-1: Ball 2-1: Ball 3-1: Base on Balls Ricky Carbajal scores Willie Cardamone to third Tom Beckman to second
|
|
Batting: LHB Jesus Lozano
|
0-0: Ball 1-0: Fly out, F9 (Flyball, 9S, EV 89.4 MPH)
|
|
Batting: LHB Shawn Morrison
|
0-0: Ball 1-0: Swinging Strike 1-1: Swinging Strike 1-2: Strikes out swinging
|
| Bottom of the 8th over - 2 runs, 1 hit, 1 error, 3 left on base; San Diego 3 - Cincinnati 6 |
| TOP OF THE 9TH |
|
San Diego Padres batting - Pitching for Cincinnati Reds : RHP David Silva
|
|
Pitching: RHP Juan Barroso
|
|
|
Now at 3B: Tom Beckman
|
|
|
Now at SS: Casey Truax
|
|
|
Now in LF: Ricky Carbajal
|
|
|
Now in CF: Willie Cardamone
|
|
|
Now in RF: Randy Racine
|
|
|
Pinch Hitting: RHB Ben Zeiler
|
0-0: Ball 1-0: Foul Ball, location: 2F 1-1: Foul Ball, location: 2F 1-2: Strikes out swinging
|
|
Batting: LHB Andy Bowman
|
0-0: Called Strike 0-1: Called Strike 0-2: Ball 1-2: Ball 2-2: Ball 3-2: Base on Balls
|
|
Batting: SHB Devin Hottenstein
|
0-0: Ball 1-0: Swinging Strike 1-1: Ball 2-1: Foul Ball, location: 2F 2-2: Ball 3-2: Strikes out swinging
|
|
Batting: LHB Chris Moody
|
0-0: Foul Ball, location: 2F 0-1: Called Strike 0-2: Ball 1-2: Strikes out swinging
|
| Top of the 9th over - 0 runs, 0 hits, 0 errors, 1 left on base; San Diego 3 - Cincinnati 6 |
|